 Dungeon Crawl Stone Soup version 0.25-a0-340-ga1faa1601d (webtiles) character file.

Game seed: 16664057498384477540, levelgen mode: deterministic

73 pk666 the Magician (level 4, 0/24 HPs)
             Began as a Deep Elf Wizard on Dec 29, 2019.
             Succumbed to kobold's curare-tipped dart
             ... on level 3 of the Dungeon.
             The game lasted 00:04:12 (2863 turns).

pk666 the Magician (Deep Elf Wizard)                Turns: 2863, Time: 00:04:13

Health: 0/24       AC:  3    Str:  4    XL:     4   Next: 8%
Magic:  13/13      EV: 20    Int: 24    God:
Gold:   38         SH:  0    Dex: 22    Spells: 2/13 levels left

rFire    . . .     SeeInvis .   e - +0 dagger
rCold    . . .     Gourm    .   (no shield)
rNeg     . . .     Faith    .   a - +0 robe
rPois    .         Spirit   .   b - +0 hat
rElec    .         Reflect  .   j - +0 cloak
rCorr    .         Harm     .   (no gloves)
MR       .....                  (no boots)
Stlth    ++++......             f - amulet of rage
HPRegen  0.08/turn              c - +4 ring of dexterity
MPRegen  0.13/turn              m - ring of flight

@: agile, lethally poisoned (0 -> -2)
A: no striking features
a: Evoke Berserk Rage, Evoke Flight


You were on level 3 of the Dungeon.
You were not hungry.

You visited 1 branch of the dungeon, and saw 3 of its levels.

You collected 38 gold pieces.

Inventory:

Hand Weapons
 e - a +0 dagger (weapon)
Armour
 a - a +0 robe (worn)
 b - a +0 hat (worn)
 j - a +0 cloak (worn)
Jewellery
 c - a +4 ring of dexterity (left hand)
 f - an amulet of rage (around neck)
 m - a ring of flight (right hand)
Scrolls
 i - 2 scrolls of teleportation {unknown}
 k - 2 scrolls of remove curse {unknown}
Potions
 l - 2 potions of might
Comestibles
 d - 7 rations


   Skills:
 - Level 3.5 Dodging
 - Level 2.4 Stealth
 + Level 5.3 Spellcasting
 + Level 2.5 Conjurations
 + Level 1.1 Summonings
 - Level 1.1 Translocations
 + Level 0.0 Fire Magic
 + Level 0.1 Air Magic
 + Level 0.1 Poison Magic


You had 2 spell levels left.
You knew the following spells:

 Your Spells              Type           Power        Failure   Level  Hunger
a - Magic Dart            Conj           ###.         3%          1    None
b - Blink                 Tloc           N/A          9%          2    None
c - Conjure Flame         Conj/Fire      ##......     16%         3    ##.....
d - Mephitic Cloud        Conj/Pois/Air  ##......     17%         3    ##.....
e - Call Imp              Summ           ##......     8%          2    None

Your spell library contained the following spells:

 Spells                   Type           Power        Failure   Level  Hunger
 Slow                     Hex            #.......     13%         2    None


Dungeon Overview and Level Annotations

Branches:
Dungeon (3/15)

Altars:
Ru
Zin

Annotations:
D:2 Sigmund


Message History

l - 2 potions of might (gained 1)
* * * LOW HITPOINT WARNING * * *
You feel sick.
f - a dented steel amulet
f - an amulet of rage (around neck)
m - a ring of flight (right hand)
You fail to use your ability.
Okay, then.
You feel sick.
A rat and a goblin come into view.
A kobold comes into view. It is wielding a +0 dagger.
You feel sick. The rat bites you.
* * * LOW HITPOINT WARNING * * *
The kobold shouts!
Found a short sword.
The rat barely misses you.
An ooze comes into view.
The kobold throws a stone.
The stone closely misses you.
You see here a stone.
You die...

##.......##.
#..#...#..#.
#.###.###.(.
#...###...†. #########
##.###.###... #.......#
##...#...#....
#.......###g.#...#.....#
........#...###.###.#...
.......@.rK...###.(.....
#...)...#...### ###.####
..J.....#.#..#... ..#
........#.##.......##
........#.# ###..##
.########.. ..# ### #.#
#.# ##### ###.###....


You could see an ooze (sleeping), a goblin, a kobold and a rat.

Vanquished Creatures
  A hound zombie (D:2)
  A gnoll (D:1)
  2 oozes (D:1)
  An orc (D:3)
  4 bats
  3 giant cockroaches
  5 goblins (D:1)
  6 hobgoblins
  A jackal (D:3)
  4 frilled lizards
  5 kobolds
  5 rats
38 creatures vanquished.

Notes
Turn   | Place    | Note
-------+----------+-------------------------------------------
     0 | D:1      | pk666 the Deep Elf Wizard began the quest for the Orb.
     0 | D:1      | Reached XP level 1. HP: 10/10 MP: 7/7
    73 | D:1      | Noticed a centaur
   134 | D:1      | Reached XP level 2. HP: 15/15 MP: 6/9
   173 | D:1      | Learned a level 2 spell: Blink
   549 | D:1      | Reached skill level 5 in Spellcasting
   549 | D:1      | Reached XP level 3. HP: 11/19 MP: 0/11
   590 | D:1      | Learned a level 3 spell: Conjure Flame
   594 | D:1      | Learned a level 3 spell: Mephitic Cloud
   597 | D:1      | Learned a level 2 spell: Call Imp
  1342 | D:2      | Noticed Sigmund
  1557 | D:2      | Found a glowing silver altar of Zin.
  1585 | D:2      | Found a sacrificial altar of Ru.
  2784 | D:3      | Reached XP level 4. HP: 24/24 MP: 10/13
  2859 | D:3      | HP: 1/24 [rat (2)]
  2863 | D:3      | Succumbed to kobold's curare-tipped dart

Levels and vault maps discovered:
D:1:      evilmike_arrival_come_back, layout_loops_ring
D:2:      layout_loops_ring, zin_academy, lemuel_doored_altar, first_ration,
          uniq_sigmund
D:3:      layout_loops_cross, minmay_between

Skill      XL: |  1  2 |
---------------+-------+-----
Dodging        | 3 |  3.5
Conjurations   | 2 |  2.5
Spellcasting   | 5 |  5.3
Stealth        | |  2.4
Summonings     | |  1.1
Translocations | |  1.1
Air Magic      | |  0.1
Poison Magic   | |  0.1

Action                   |  1- 3 |  4- 6 || total
-------------------------+-------+-------++-------
Melee: Unarmed           |     1 |       ||     1
 Cast: Magic Dart        |   101 |     6 ||   107
       Conjure Flame     |     1 |       ||     1
  Use: Potion            |       |     4 ||     4
  Eat: Chunk             |     2 |       ||     2
       Ration            |     1 |       ||     1
Armor: Robe              |     2 |       ||     2
Dodge: Dodged            |    12 |     2 ||    14

Table legend:
 A = Non-vault XP
 B = Vault XP
 C = Vault XP percentage of total XP
 D = Non-vault monster count
 E = Vault monster count
 F = Vault count percentage of total count
                 A         B        C        D         E       F
            +---------+---------+-------+---------+---------+-------
      Total |      99 |       6 |   5.7 |      35 |       3 |   7.9
            +---------+---------+-------+---------+---------+-------
        D:1 |      58 |       0 |   0.0 |      21 |       0 |   0.0
        D:2 |      30 |       0 |   0.0 |       8 |       0 |   0.0
        D:3 |      11 |       6 |  35.3 |       6 |       3 |  33.3
            +---------+---------+-------+---------+---------+-------
